 Dungeon Crawl Stone Soup version 0.26.1-11-gd32895ea62 (webtiles) character file.

Game seed: 2413154234580023465

1236 Jerry the Ruffian (level 8, -16/74 HPs)
             Began as a Troll Monk on July 2, 2021.
             Demolished by Pikel
             ... wielding a +1 whip of electrocution
              (18 damage)
             ... on level 6 of the Dungeon.
             The game lasted 00:09:16 (3566 turns).

Jerry the Ruffian (Troll Monk)                      Turns: 3566, Time: 00:09:16

Health: -16/74     AC:  7    Str: 20    XL:     8   Next: 24%
Magic:  7/7        EV: 12    Int:  8    God:
Gold:   240        SH:  0    Dex: 12    Spells: 7/7 levels left

rFire    . . .     SeeInvis .     - Unarmed
rCold    . . .     Faith    .   (no shield)
rNeg     . . .     Spirit   .   a - +0 robe
rPois    +         Reflect  .   (helmet restricted)
rElec    .         Harm     .   q - +0 cloak
rCorr    .         Rampage  .   (gloves unavailable)
Will     .....                  (boots unavailable)
Stlth    ++........             k - amulet of the acrobat
HPRegen  0.62/turn              l - ring of wizardry
MPRegen  0.10/turn              m - ring of poison resistance

@: mighty
A: large, unfitting armour, claws 3, regeneration 1, shaggy fur 1, tough skin 3
a: no special abilities


You were on level 6 of the Dungeon.
You visited 2 branches of the dungeon, and saw 7 of its levels.

You collected 240 gold pieces.

Inventory:

Hand Weapons
 f - a +2 dagger of venom
 o - a +1 dagger of speed
Missiles
 g - 10 poisoned darts (quivered)
Armour
 a - a +0 robe (worn)
 q - a +0 cloak (worn)
Jewellery
 k - an amulet of the acrobat (around neck)
 l - a ring of wizardry (left claw)
 m - a ring of poison resistance (right claw)
Scrolls
 c - 5 scrolls of identify
 e - a scroll of teleportation
 i - a scroll of magic mapping {unknown}
 j - 2 scrolls of remove curse
Potions
 b - a potion of mutation
 d - 2 potions of curing
 h - 2 potions of brilliance
 n - a potion of ambrosia


   Skills:
 - Level 2.4 Fighting
 + Level 5.3 Dodging
 + Level 3.7 Stealth
 + Level 6.4 Unarmed Combat


You had 7 spell levels left.
You didn't know any spells.
Your spell library contained the following spells:

 Spells                   Type           Power        Failure   Level
 Animate Skeleton         Necr           0%           17%         1
 Pain                     Necr           0%           17%         1
 Vampiric Draining        Necr           0%           45%         3
 Animate Dead             Necr           0%           83%         4
 Agony                    Necr           0%           99%         5


Dungeon Overview and Level Annotations

Branches:
Dungeon (6/15)             Temple (1/1) D:5

Altars:
Ashenzari
Cheibriados
Dithmenos
Elyvilon
Fedhas
Gozag
Hepliaklqana
Kikubaaqudgha
Makhleb
Nemelex Xobeh
Okawaru
Qazlal
Ru
Sif Muna
Trog
Uskayaw
Vehumet
Wu Jian
Zin
The Shining One

Annotations:
D:6 Pikel


Innate Abilities, Weirdness & Mutations

You are too large for most types of armour.
You have claws for hands.
Your natural rate of healing is unusually fast.
You are covered in fur. (AC +1)
You have extremely tough skin. (AC +3)


Message History

You feel very mighty all of a sudden.
Pikel zaps a wand.
The bolt of acid hits you!!
You are splashed with acid!!
* * * LOW HITPOINT WARNING * * *
You closely miss Pikel.
Pikel is lightly wounded.
Pikel hits you with a +1 whip of electrocution.
* * * LOW HITPOINT WARNING * * *
You mangle Pikel!!
Pikel is severely wounded.
Pikel closely misses you.
You closely miss Pikel.
Pikel is severely wounded.
Pikel hits you with a +1 whip of electrocution!
* * * LOW HITPOINT WARNING * * *
You scratch Pikel.
Pikel is severely wounded.
Pikel hits you but does no damage.
You are electrocuted!!
You die...

...#.#.........
...#..#########
...#..# ####..#
## #..# #######
... <# #..#
#.....# ... .
## #..# #.###.#
$.###.K # #..#
#.# #.# ....5#
#..######.# #@#
.....#
##........# #K#
.5...#
#.######## #5#
##....# #.#
#5####.....#
#.#
#....5.....#
#.#
######.....# ##
#.# ##.....#
.## #.# ###.##
..###.# #.#


You could see Pikel and 2 lemures.

Vanquished Creatures
  A black bear (D:6)
  2 ice beasts
  A sky beast (D:5)
  A phantom (D:5)
  2 bullfrogs
  A scorpion (D:4)
  2 orc priests (D:3)
  A hound (D:5)
  A jelly (D:5)
  A centaur skeleton (D:6)
  2 iguanas
  2 worker ants (D:4)
  A hound skeleton (D:4)
  Robin (D:3)
  10 adders
  4 gnolls (D:5)
  7 river rats (D:5)
  A shadow imp (D:6)
  A white imp (D:5)
  An ufetubus (D:5)
  An adder skeleton (D:4)
  3 worms
  2 dart slugs
  4 leopard geckos
  10 orcs
  8 bats
  6 giant cockroaches
  13 goblins
  8 hobgoblins
  4 jackals (D:4)
  6 kobolds
  4 quokkas
  A leopard gecko skeleton (D:4)
  A leopard gecko zombie (D:5)
  A quokka skeleton (D:6)
  A quokka zombie (D:5)
  26 rats
142 creatures vanquished.

Vanquished Creatures (others)
  2 plants (D:6)
2 creatures vanquished.

Grand Total: 144 creatures vanquished

Notes
Turn   | Place    | Note
-------+----------+-------------------------------------------
     0 | D:1      | Jerry the Troll Monk began the quest for the Orb.
     0 | D:1      | Reached XP level 1. HP: 22/22 MP: 0/0
   224 | D:1      | Reached XP level 2. HP: 22/29 MP: 1/1
   545 | D:2      | Reached XP level 3. HP: 36/36 MP: 2/2
  1075 | D:3      | Reached XP level 4. HP: 44/44 MP: 3/3
  1202 | D:3      | Noticed Robin
  1204 | D:3      | Killed Robin
  1205 | D:3      | Reached skill level 4 in Unarmed Combat
  1317 | D:3      | Reached XP level 5. HP: 35/50 MP: 4/4
  1718 | D:3      | Found a snail-covered altar of Cheibriados.
  1962 | D:4      | Reached XP level 6. HP: 54/59 MP: 5/5
  2086 | D:4      | Found a radiant altar of Vehumet.
  2352 | D:4      | Reached skill level 5 in Unarmed Combat
  2440 | D:4      | Found a glowing golden altar of the Shining One.
  2501 | D:5      | Entered Level 5 of the Dungeon
  2501 | D:5      | Found an iron altar of Okawaru.
  2515 | D:5      | Noticed an ice beast
  2526 | D:5      | Killed an ice beast
  2527 | D:5      | Reached XP level 7. HP: 38/66 MP: 6/6
  2662 | D:5      | Found a blossoming altar of Fedhas.
  2841 | D:5      | Found a staircase to the Ecumenical Temple.
  2863 | Temple   | Entered the Ecumenical Temple
  3242 | D:5      | Reached skill level 6 in Unarmed Combat
  3290 | D:6      | Reached skill level 5 in Dodging
  3290 | D:6      | Reached XP level 8. HP: 69/74 MP: 7/7
  3537 | D:6      | Noticed Pikel
  3565 | D:6      | HP: 2/74 [Pikel/+1 whip of electrocution (8)]
  3566 | D:6      | Demolished by Pikel

Illustrated notes

Levels and vault maps discovered:
D:1:      dpeg_arrival_chambers_temple_mockup, layout_basic
D:2:      layout_loops_cross
D:3:      layout_basic, marbit_many_paths, roderic_lattice_a, uniq_robin
D:4:      layout_basic, fiery_altar_vehumet, nicolae_tso_swordbearing_angel
D:5:      layout_cave_pools, fedhas_altar_2, okawaru_ov_weapons_minmay,
          minmay_temple_entry_drinking_statues, serial_column_ruins,
          column_ruins_pillar_6, column_ruins_pillar_5, column_ruins_pillar_2,
          column_ruins_pillar_3, column_ruins_pillar_5, column_ruins_pillar_6,
          column_ruins_pillar_1, column_ruins_pillar_1, column_ruins_pillar_6,
          column_ruins_pillar_2, column_ruins_pillar_9, dk_rats_in_the_wall
D:6:      layout_loops_ring, serial_bayou_ford_a, uniq_menkaure, uniq_pikel,
          uniq_blork_the_orc
Temple:   compressed_dpeg_circular_temple

Skill      XL: |  1  2  3  4  5  6  7 |
---------------+----------------------+-----
Dodging        | 3 4 5 |  5.3
Unarmed Combat | 4 5 6 |  6.4
Stealth        | 2 3 |  3.7
Fighting       | |  2.4

Action                   |  1- 3 |  4- 6 |  7- 9 || total
-------------------------+-------+-------+-------++-------
Melee: Unarmed           |    97 |   150 |   167 ||   414
       Punch             |       |     4 |     2 ||     6
  Use: Scroll            |       |     5 |     4 ||     9
       Potion            |       |       |     1 ||     1
 Stab: Sleeping          |     5 |     4 |     2 ||    11
Armor: Robe              |    44 |    32 |    37 ||   113
Dodge: Dodged            |    70 |    88 |    83 ||   241
